Unix NetHack Version 3.7.0-102 Work-in-progress - last build Apr 7 2024 00:22:53 (d302a6a9ff6341f1a922d8f5af178406b35fdf99,branch:master). Game began 2024-04-20 21:34:56, ended 2024-04-20 22:46:23. Merlek, neutral male human Priest ---- ----------- --.>-------- |.........| |.0........| |.........| |..-----0-.| |.........| |.0|...|.0.| |....<....| |...g@...*-| |.........| |.......|..| |.........| |.----..--.| |.........| |........|.-- |.........| |.---*-.....------------+| |...|.[.-.............^^.| |.........---------------- -----..|..| ------- Merlek the Adept St:14 Dx:13 Co:17 In:13 Wi:18 Ch:11 Neutral Dlvl:5 $:0 HP:0(65) Pw:96(96) AC:-5 Xp:8/2300 T:6452 Latest messages: You miss the gargoyle. The gargoyle hits! The gargoyle hits again! The gargoyle bites! You miss the gargoyle. You miss the gargoyle. The gargoyle hits! The gargoyle hits again! The gargoyle bites! You miss the gargoyle. The gargoyle misses! The gargoyle just misses! The gargoyle misses! You miss the gargoyle. The gargoyle misses! The gargoyle misses! The gargoyle misses! You miss the gargoyle. The gargoyle misses! The gargoyle misses! The gargoyle misses! You miss the gargoyle. The gargoyle hits! The gargoyle misses! The gargoyle misses! You hit the gargoyle! The gargoyle hits! The gargoyle hits again! The gargoyle bites! You hit the gargoyle! The gargoyle hits! The gargoyle hits again! The gargoyle bites! You hit the gargoyle! The gargoyle hits! The gargoyle misses! The gargoyle bites! You hit the gargoyle. The gargoyle hits! The gargoyle hits again! The gargoyle bites! # Are you sure you want to pray? [yn] (n) You begin praying to Odin. The gargoyle hits! The gargoyle hits again! The gargoyle bites! The gargoyle hits! You die... Do you want your possessions identified? [ynq] (n) Inventory: Amulets u - a blessed amulet of reflection (being worn) Weapons m - 5 blessed +1 darts (at the ready) a - a blessed rusty +1 mace (weapon in left hand) Armor k - a blessed +1 orcish helm (being worn) T - an uncursed +0 pair of leather gloves (being worn) n - a blessed +2 pair of iron shoes (being worn) c - an uncursed +0 small shield (being worn) v - an uncursed fireproof +0 cloak of magic resistance (being worn) Z - an uncursed +0 Hawaiian shirt with a jellyfish motif (being worn) K - an uncursed +0 dwarvish mithril-coat (being worn) Comestibles y - 2 uncursed cream pies t - 2 uncursed tripe rations C - an uncursed lizard corpse Rings D - an uncursed ring of sustain ability Wands B - an uncursed wand of cancellation (0:4) R - an uncursed wand of death (0:5) F - an uncursed wand of digging (0:4) w - an uncursed wand of locking (0:5) Tools I - an uncursed sack containing 23 items z - an uncursed wooden flute named poison tele X - an uncursed blindfold x - an uncursed +0 pick-axe s - an uncursed stethoscope h - an uncursed +0 unicorn horn Contents of the sack: an uncursed clove of garlic an uncursed food ration an uncursed lembas wafer 2 uncursed sprigs of wolfsbane an uncursed scroll of charging a blessed scroll of earth 2 uncursed scrolls of earth 2 uncursed scrolls of enchant weapon 4 blessed scrolls of identify a cursed scroll of light an uncursed scroll of remove curse a blessed scroll of taming an uncursed scroll of teleportation an uncursed potion of gain ability 4 potions of holy water an uncursed ring of fire resistance a cursed ring of sustain ability an uncursed ring of teleport control an uncursed magic marker (0:97) an uncursed magic marker (0:22) an uncursed magic marker (0:22) a cursed magic marker (0:99) a cursed magic marker (0:20) Merlek the Priest's attributes: Background: You were an Adept, a level 8 human Priest. You were neutral, on a mission for Odin who was opposed by Tyr (lawful) and Loki (chaotic). You were left-handed. You were in Sokoban, on level 5. You entered the dungeon 6452 turns ago. It was nighttime. You had 2300 experience points, 260 more were needed to attain level 9. Basics: You had 0 out of 65 hit points. You had all 96 energy points (spell power). Your armor class was -5. Your wallet was empty. Autopickup was on for '$=?"/!%' plus thrown, with exceptions. Final Characteristics: Your strength was 14 (limit:18/100). Your dexterity was 13 (limit:18). Your constitution was 17 (limit:18). Your intelligence was 13 (limit:18). Your wisdom was 18 (limit:18). Your charisma was 11 (limit:18). Final Status: You weren't hungry. You were unencumbered. You were wielding a mace. You had expert skill with mace. Final Attributes: You were piously aligned. You were magic-protected. You were poison resistant. You were telepathic. You were guarded. You had reflection. You were unlucky. You are dead. Miscellaneous: You encountered 1 bones level. Total elapsed playing time was 1 hour, 11 minutes and 27 seconds. Major events: Turn 1: Merlek the neutral human Priest entered the dungeon 1188: entered the Gnomish Mines 1200: attained the rank of Acolyte (level 3) 2286: attained the rank of Adept (level 6) 2389: reached Mine Town 3142: destroyed Ted's ghost, the former Thaumaturge 5410: entered Sokoban 5785: completed 1st Sokoban level 6452: killed by a gargoyle, while praying Vanquished creatures: a ghost a water demon a tengu an ettin zombie a leather golem a giant beetle a wolf 2 winter wolf cubs a spotted jelly a horse 2 ice vortices a black light an owlbear a yeti 3 lizards a jaguar 2 dwarf leaders a white unicorn 2 dust vortices a plains centaur 2 gnome mummies a snake a human zombie a fire ant a water nymph an Uruk-hai 3 rock piercers 2 rock moles a fog cloud 4 yellow lights 2 shriekers a violet fungus 5 gnome leaders a gnomish wizard 3 kobold mummies a black naga hatchling a gray ooze 2 elf zombies 2 paper golems 5 giant ants 3 floating eyes a kitten 7 dwarves 2 homunculi a kobold shaman 4 rothes 2 giant bats a dwarf zombie a wererat 2 iguanas 5 killer bees a gas spore 2 hobbits 10 manes a hobgoblin 2 cave spiders a yellow mold 2 red molds 20 gnomes a garter snake a gnome zombie 11 geckos 3 jackals 2 kobolds a goblin 2 sewer rats 7 grid bugs 7 lichens 8 newts 177 creatures vanquished. No species were genocided or became extinct. Voluntary challenges: You read items or engraved 3 times. You never engraved Elbereth. You never had a pet. You never genocided any monsters. You never polymorphed an object. You never changed form. You used no wishes. You violated the special Sokoban rules twice. Achievements: You entered a shop. You entered the Gnomish Mines. You attained the rank of Acolyte. You attained the rank of Adept. You entered Minetown. You entered a temple. You entered Sokoban. The Dungeons of Doom: levels 1 to 8 Level 1: A grave. Level 2: A fountain. Level 3: "spellbook of cancellation wrapping" A scroll shop, an altar, a grave. Level 4: "pick-axe" Stairs down to The Gnomish Mines. Level 5: Level 6: "blessed spellbook detect food waterdemon" Many fountains. Oracle of Delphi. Level 7: A fountain. Stairs up to Sokoban, level 6. Level 8: A fountain. The Gnomish Mines: levels 5 to 7 Level 5: Level 6: Level 7: "bones" A temple and an altar, some fountains, some graves. Final resting place for Ted-Wiz-Gno-Mal-Neu, killed by a killer bee, lurchy-Wiz-Elf-Mal-Cha, killed by a dwarf, while fumbling. Sokoban: levels 6 up to 5 Level 5: <- You were here. Unsolved. Final resting place for you, killed by a gargoyle, while praying. Level 6: Solved. Game over: ---------- / \ / REST \ / IN \ / PEACE \ / \ | Merlek | | 0 Au | | killed by a | | gargoyle | | | | | | 2024 | *| * * * | * _________)/\\_//(\/(/\)/\//\/|_)_______ Goodbye Merlek the Priest... You died in Sokoban on dungeon level 5 with 9580 points, and 0 pieces of gold, after 6452 moves. You were level 8 with a maximum of 65 hit points when you died.